 Seeded DCSS version 0.28.0-62-gf88900778d (webtiles) character file.

Game seed: 13591998346360536447 (custom seed)

311 Psyclone the Destroyer (level 6, 32/32 HPs)
             Began as a Deep Elf Conjurer on Oct 17, 2023.
             Quit the game on level 4 of the Dungeon.
             The game lasted 00:07:13 (3969 turns).

Psyclone the Destroyer (Deep Elf Conjurer)          Turns: 3969, Time: 00:07:14

Health: 32/32      AC:  3    Str:  4    XL:     6   Next: 18%
Magic:  12/12      EV: 12    Int: 27    God:
Gold:   144        SH:  0    Dex: 13    Spells: 8/11 levels left

rFire   + . .      SeeInvis .   q - +1 whip of Eternal Harmony {flame, rElec Int+2}
rCold   . . .      Faith    .   (no shield)
rNeg    . . .      Spirit   .   a - +0 robe
rPois   .          Reflect  .   h - +1 hat
rElec   +          Harm     .   (no cloak)
rCorr   +          Rampage  .   (no gloves)
Will    .....                   (no boots)
Stlth   ++........              (no amulet)
HPRegen 0.10/turn               g - ring of resist corrosion
MPRegen 0.13/turn               l - ring of protection from fire

@: no status effects
A: no striking features
a: no special abilities


You were on level 4 of the Dungeon.
You visited 1 branch of the dungeon, and saw 4 of its levels.

You collected 144 gold pieces.

Inventory:

Hand Weapons
 b - a +0 dagger
 q - the +1 whip of Eternal Harmony (weapon) {flame, rElec Int+2}
   (You found it on level 3 of the Dungeon)

   It burns those it strikes, dealing additional fire damage.
   Int:       It affects your intelligence (+2).
   rElec:     It insulates you from electricity.
Armour
 a - a +0 robe (worn)
 h - a +1 hat (worn)
Jewellery
 g - a ring of resist corrosion (left hand)
 l - a ring of protection from fire (right hand)
 m - a ring of protection from fire
Wands
 i - a wand of flame (19)
Scrolls
 c - a scroll of teleportation
 e - 4 scrolls of acquirement
 f - 4 scrolls of identify {@r1}
 n - 2 scrolls of summoning {unknown}
 p - a scroll of torment {unknown}
 r - a scroll of amnesia {unknown}
Potions
 d - 3 potions of haste {unknown}
 j - a potion of berserk rage {unknown}
 k - a potion of heal wounds {unknown}
 o - a potion of lignification {unknown}
 s - a potion of mutation {unknown}


   Skills:
 - Level 2.4 Dodging
 - Level 2.4 Stealth
 - Level 3.0 Spellcasting
 + Level 8.2 Conjurations


You had 8 spell levels left.
You knew the following spells:

 Your Spells              Type           Power      Damage    Failure   Level
a - Magic Dart            Conj           100%       1d8       1%          1
b - Searing Ray           Conj           96%        2d7       1%          2

Your spell library contained the following spells:

 Spells                   Type           Power      Damage    Failure   Level
 Static Discharge         Conj/Air       26%        N/A       2%          2
 Dazzling Flash           Conj/Hex       52%        N/A       4%          3
 Sublimation of Blood     Necr           4%         N/A       13%         2
 Wereblood                Tmut           4%         N/A       13%         2
 Fulminant Prism          Conj/Hex       13%        3d9       16%         4
 Iskenderun's Mystic Bla  Conj/Tloc      26%        2d7       16%         4
 Sticky Flame             Conj/Fire      26%        2d5       16%         4
 Ozocubu's Armour         Ice            4%         N/A       26%         3
 Dispel Undead            Necr           4%         3d7       65%         4
 Ozocubu's Refrigeration  Ice            2%         4d5       100%        7
 Summon Hydra             Summ           2%         N/A       100%        7


Dungeon Overview and Level Annotations

Branches:
Dungeon (4/15)
 Temple: D:4-7

Altars:
Hepliaklqana
The Shining One

Annotations:
D:3 2 transporters, cbfl8's ghost, weakling DsFi


Message History

You now have 9/12 mp.
Casting: Magic Dart (safe; 1% risk of failure)
Confirm with . or Enter, or press ? or * to list all spells.
Aiming: Magic Dart (safe; 1% risk of failure)
Press: ? - help, Shift-Dir - straight line, f/p - adder skeleton
Aim: an adder skeleton (severely damaged, 100% to hit)
The magic dart hits the adder skeleton.
You destroy the adder skeleton!
You now have 8/12 mp.
As you read the scroll labelled FAETWI SIFE, it crumbles to dust.
It is a scroll of identify.
e - 4 scrolls of acquirement You open the door.
There is an open door here.
A ball python comes into view.
MP restored: 12
Casting: Magic Dart (safe; 1% risk of failure)
Confirm with . or Enter, or press ? or * to list all spells.
Aiming: Magic Dart (safe; 1% risk of failure)
Press: ? - help, Shift-Dir - straight line, f - ball python
Aim: a ball python (asleep, 100% to hit)
The magic dart hits the ball python.
The ball python is severely wounded.
The ball python hisses angrily.
You now have 11/12 mp.
Casting: Magic Dart (safe; 1% risk of failure)
Confirm with . or Enter, or press ? or * to list all spells.
Aiming: Magic Dart (safe; 1% risk of failure)
Press: ? - help, Shift-Dir - straight line, f/p - ball python
Aim: a ball python (severely wounded, 100% to hit)
The magic dart hits the ball python!
You kill the ball python!
You now have 10/12 mp.
Done exploring.
MP restored: 12 Done exploring.
You see here a +4 plate armour.
Unknown command.
Unknown command.
Are you sure you want to abandon this character and quit the game? (Confirm with "yes".)

#....###.########
####...###.########
........##........#
........#########.#
........# #.......#
........# #.####..#
........###.####..#
..................#####
####............@[....#
#..............###.###
########.#.....# #...#
#.#....)# ###.#
#.#.....# #.# #.#.....#
#.# #.#.....# #.#
#.#.....# #.#
#.####.######.#


There were no monsters in sight!

Vanquished Creatures
  A hound (D:4)
  A bullfrog skeleton (D:4)
  Natasha (thrice) (D:2)
  2 hound skeletons (D:4)
  3 gnolls (D:4)
  2 adders
  2 adder skeletons (D:4)
  3 worms
  6 dart slugs
  An orc (D:3)
  3 bats
  8 endoplasms
  2 giant cockroaches
  10 hobgoblins
  5 jackals
  8 kobolds
  A quokka (D:2)
  5 ball pythons
  A frilled lizard (D:2)
  4 goblins
  9 rats
  A spectral hobgoblin (D:4)
81 creatures vanquished.

Notes
Turn   | Place    | Note
-------+----------+-------------------------------------------
     0 | D:1      | Psyclone the Deep Elf Conjurer began the quest for the Orb.
     0 | D:1      | Reached XP level 1. HP: 10/10 MP: 6/6
   240 | D:1      | Reached XP level 2. HP: 15/15 MP: 4/8
   243 | D:1      | Reached skill level 5 in Conjurations
   530 | D:1      | Learned a level 2 spell: Searing Ray
   615 | D:1      | Reached XP level 3. HP: 19/19 MP: 7/9
  1208 | D:2      | Found a faded altar of an unknown god.
  1306 | D:2      | Noticed Natasha
  1315 | D:2      | Killed Natasha
  1316 | D:2      | Reached skill level 6 in Conjurations
  1316 | D:2      | Reached XP level 4. HP: 10/24 MP: 1/10
  1699 | D:2      | Noticed Natasha
  1703 | D:2      | Killed Natasha
  1839 | D:2      | Noticed Natasha
  1842 | D:2      | Killed Natasha
  1843 | D:2      | Reached skill level 7 in Conjurations
  1843 | D:2      | Reached XP level 5. HP: 28/28 MP: 7/11
  2371 | D:3      | Found a glowing golden altar of the Shining One.
  2561 | D:3      | Found a transporter.
  2561 | D:3      | Noticed cbfl8's ghost (weakling DsFi)
  2778 | D:3      | Found a transporter.
  2995 | D:3      | Identified the +1 whip of Eternal Harmony {flame, rElec
                  | Int+2}
  3244 | D:4      | Found a hazy altar of Hepliaklqana.
  3410 | D:4      | Reached skill level 8 in Conjurations
  3536 | D:4      | Reached XP level 6. HP: 23/32 MP: 7/12
  3803 | D:4      | Identified 4 scrolls of acquirement
  3969 | D:4      | Quit the game

Illustrated notes

Levels and vault maps discovered:
D:1:      wander_arrival_fairy_ring, layout_basic, chequers_serial_rivers_room_a
D:2:      layout_loops_ring, shapermc_ecumenical_altar_venn, uniq_natasha
D:3:      layout_loops_ring, mainiacjoe_overflow_chevrons,
          gammafunk_ghost_arena, hangedman_glass_teeth
D:4:      layout_basic, nicolae_hepliaklqana_monster_ancestors,
          due_unseen_surprise

Skill      XL: |  1  2  3  4  5 |
---------------+----------------+-----
Conjurations   | 5 6 7 8 |  8.2
Dodging        | |  2.4
Stealth        | |  2.4
Spellcasting   | |  3.0

Action                   |  1- 3 |  4- 6 || total
-------------------------+-------+-------++-------
Melee: Dagger            |     2 |       ||     2
 Cast: Magic Dart        |    77 |    93 ||   170
       Searing Ray       |       |     6 ||     6
  Use: Scroll            |       |     3 ||     3
Armor: Robe              |     1 |     3 ||     4
Dodge: Dodged            |     7 |     6 ||    13
